 Dungeon Crawl Stone Soup version 0.30-a0-141-g30f27751c5 (webtiles) character file.

Game seed: 5774770916602230774

1334 themarg the Magician (level 8, -5/50 HPs)
             Began as a Djinni Fire Elementalist on Sept 26, 2022.
             Slain by a two-headed ogre
             ... wielding a +0 giant club
              (31 damage)
             ... on level 5 of the Dungeon.
             The game lasted 00:13:41 (6253 turns).

themarg the Magician (Djinni Fire Elementalist)     Turns: 6253, Time: 00:13:42

Health: -5/50      AC:  4    Str:  7    XL:     8   Next: 92%
Gold:   244        EV: 14    Int: 19    God:
                   SH:  0    Dex: 14

rFire   + + .      SeeInvis .    b - +2 dagger (venom)
rCold   x . .      Faith    .    (no shield)
rNeg    . . .      Spirit   .    a - +0 robe
rPois   ∞          Reflect  .    k - +0 helmet
rElec   .          Harm     .    r - +0 cloak
rCorr   .          Rampage  .    (no gloves)
Will    .....                    (boots unavailable)
Stlth   +++.......               (no amulet)
HPRegen 0.16/turn                (no ring)
MPRegen 0.00/turn                (no ring)

@: flying
A: sickness immunity, fire resistance 2, cold vulnerability 1, float, innate
caster, HP casting, extra vitality 1
a: no special abilities


You were on level 5 of the Dungeon.
You visited 1 branch of the dungeon, and saw 5 of its levels.

You collected 264 gold pieces.
You spent 20 gold pieces at shops.

Inventory:

Hand Weapons
 b - a +2 dagger of venom (weapon)
Missiles
 f - a throwing net
Armour
 a - a +0 robe (worn)
 j - a scarf of invisibility
 k - a +0 helmet (worn)
 r - a +0 cloak (worn)
Jewellery
 u - a ring of protection from fire
 w - a ring of positive energy
Wands
 x - a wand of mindburst (4)
Scrolls
 c - 2 scrolls of teleportation {unknown}
 e - 2 scrolls of magic mapping {unknown}
 m - 2 scrolls of butterflies {unknown}
 s - a scroll of immolation {unknown}
 t - a scroll of enchant weapon {unknown}
 v - a scroll of amnesia {unknown}
Potions
 d - a potion of ambrosia {unknown}
 g - a potion of resistance
 h - 7 potions of curing
 i - 2 potions of mutation {unknown}
 l - 2 potions of cancellation {unknown}
 n - 3 potions of flight {unknown}
 o - 2 potions of degeneration {unknown}
 p - a potion of haste {unknown}
 q - a potion of attraction {unknown}


   Skills:
 - Level 5.0 Dodging
 - Level 4.0 Stealth
 * Level 6.8 Spellcasting


You had one spell level left.
You knew the following spells:

 Your Spells              Type           Power      Damage    Failure   Level
a - Foxfire               Conj/Fire      100%       2x1d9     1%          1
b - Scorch                Fire           64%        2d8       1%          2
c - Kindle Blastsparks    Fire/Tloc/Air  64%        2d15      1%          3
d - Inner Flame           Hex/Fire       32%        N/A       1%          3
e - Flame Wave            Conj/Fire      32%        2d9       6%          4
f - Summon Small Mammal   Summ           100%       N/A       1%          1
g - Ensorcelled Hibernat  Hex/Ice        64%        N/A       1%          2
h - Portal Projectile     Hex/Tloc       64%        N/A       1%          3
Your spell library was empty.

Dungeon Overview and Level Annotations

Branches:
Dungeon (5/15)
 Temple: D:4-7

Altars:
Elyvilon
Gozag
Makhleb
Trog
Wu Jian
Xom

Shops:
D:1 ?   D:3 [   D:4 :


Innate Abilities, Weirdness & Mutations

You are immune to sickness and miasma.
You are immune to poison.
Your flesh is very heat resistant. (rF++)
You are vulnerable to cold. (rC-)
You float through the air rather than walking.
You learn spells naturally, not from books.
Your magical power is your life essence.
You have superior vitality. (+4 MHP)


Message History

You reach down and open the door.
There is an open door here.
A phantom comes into view.
Casting: Scorch (safe; 1% risk of failure)
Confirm with . or Enter, or press ? or * to list all spells.
Flames lash the phantom.
The phantom is moderately damaged.
The phantom's fire resistance burns away.
Casting: Scorch (safe; 1% risk of failure)
Confirm with . or Enter, or press ? or * to list all spells.
Flames lash the phantom.
The phantom is burned terribly!
The phantom is heavily damaged.
The phantom misses you.
Casting: Scorch (safe; 1% risk of failure)
Confirm with . or Enter, or press ? or * to list all spells.
Flames lash the phantom.
The phantom is burned terribly!
The phantom is almost destroyed.
The phantom misses you.
Casting: Scorch (safe; 1% risk of failure)
Confirm with . or Enter, or press ? or * to list all spells.
Flames lash the phantom.
The phantom is burned terribly!
You destroy the phantom!
Found a stone staircase leading down.
As you open the door, it creaks loudly!
There is an open door here.
Found a leather armour.
You see here a +0 leather armour.
You reach down and open the large door.
A two-headed ogre comes into view. It is wielding two +0 giant clubs.
Found a tiny diamond amulet.
Found four altars.
There is a large open door here.
The two-headed ogre shouts in stereo!
The two-headed ogre hits you with a +0 giant club!!
The two-headed ogre completely misses you.
You barely miss the two-headed ogre. You barely miss the two-headed ogre.
The two-headed ogre hits you with a +0 giant club!!
Ouch! That really hurt!
You die...

#.# ##+##...
#.#####
#......
#.....##
#######
#.###..##
#.##....#
#.##....#
#.##....#
#####''####
#_.@...._#
#.O......#
#...#..#...#
#..........#
#...#..".#...#
#............#
_..#......#.._
##.. .....


You could see a two-headed ogre.

Vanquished Creatures
  A troll (D:5)
  A water moccasin (D:5)
  An ice beast (D:5)
  3 black bears
  3 phantoms
  3 hounds
  A jelly (D:5)
  A gnoll bouda (D:5)
  2 iguanas (D:4)
  4 gnolls
  12 adders
  A shadow imp (D:5)
  An ufetubus (D:5)
  3 worms
  2 dart slugs (D:1)
  5 orcs
  12 ball pythons
  5 endoplasms
  3 giant cockroaches
  12 goblins
  3 hobgoblins
  3 jackals (D:1)
  5 quokkas
  2 bats
  2 frilled lizards
  6 kobolds
  5 rats
102 creatures vanquished.

Vanquished Creatures (others)
  160 foxfires
160 creatures vanquished.

Grand Total: 262 creatures vanquished

Notes
Turn   | Place    | Note
-------+----------+-------------------------------------------
     0 | D:1      | themarg the Djinni Fire Elementalist began the quest for
                  | the Orb.
     0 | D:1      | themarg set off with the following spells memorised:
                  | Foxfire, Scorch, Kindle Blastsparks, Inner Flame, Flame
                  | Wave.
     0 | D:1      | Reached XP level 1. HP: 15/15 MP: 0/0
    26 | D:1      | Reached XP level 2. HP: 13/21 MP: 0/0
   451 | D:1      | Reached XP level 3. HP: 11/25 MP: 0/0
   451 | D:1      | Learned a level 1 spell: Summon Small Mammal
  1057 | D:1      | Found Ojustien's Magic Scroll Emporium.
  1065 | D:1      | Bought a scroll of identify for 20 gold pieces
  1526 | D:2      | Reached XP level 4. HP: 29/31 MP: 0/0
  2170 | D:2      | Reached skill level 3 in Spellcasting
  2457 | D:3      | Reached XP level 5. HP: 31/35 MP: 0/0
  2457 | D:3      | Learned a level 2 spell: Ensorcelled Hibernation
  2603 | D:3      | Found Fexug's Antique Armour Shoppe.
  3189 | D:3      | Found a faded altar of an unknown god.
  3517 | D:4      | Noticed a phantom
  3521 | D:4      | Found a bloodstained altar of Trog.
  3661 | D:4      | Reached XP level 6. HP: 30/40 MP: 0/0
  4392 | D:4      | Found Siobai's Book Boutique.
  4406 | D:4      | Noticed a black bear
  4409 | D:4      | Killed a black bear
  4600 | D:4      | Reached XP level 7. HP: 31/45 MP: 0/0
  4600 | D:4      | Learned a level 3 spell: Portal Projectile
  4776 | D:5      | Entered Level 5 of the Dungeon
  4857 | D:5      | Reached skill level 5 in Dodging
  4857 | D:5      | Reached skill level 4 in Spellcasting
  5110 | D:5      | Found a shimmering altar of Xom.
  5289 | D:5      | Reached skill level 5 in Spellcasting
  5289 | D:5      | Reached XP level 8. HP: 23/50 MP: 0/0
  5840 | D:5      | Noticed a troll
  5846 | D:5      | Killed a troll
  5847 | D:5      | Reached skill level 6 in Spellcasting
  6249 | D:5      | Noticed a two-headed ogre
  6250 | D:5      | Found a white marble altar of Elyvilon.
  6250 | D:5      | Found an ornate altar of the Wu Jian Council.
  6250 | D:5      | Found an opulent altar of Gozag.
  6250 | D:5      | Found a burning altar of Makhleb.
  6253 | D:5      | Slain by a two-headed ogre

Illustrated notes

Levels and vault maps discovered:
D:1:      enne_arrival_octagon_isle, layout_rooms, serial_shops,
          nicolae_shop_trees
D:2:      layout_loops_ring
D:3:      layout_basic, serial_shops, nicolae_shop_advertising_works
          [nicolae_subvault_shop_adworks], serial_rivers,
          chequers_serial_rivers_room_b, chequers_serial_rivers_large_b,
          chequers_serial_rivers_small_b, chequers_serial_rivers_micro_a,
          chequers_serial_rivers_small_3, chequers_serial_rivers_room_b,
          dilly_ecumenical_altar_fadedgnrine, kennysheep_pointless_box,
          grunt_decor_arrowhead
D:4:      layout_rooms, trog_three_pillars_becter, serial_shops,
          nicolae_shop_behind_doors, minmay_bent
D:5:      cheibrodos_barr_body, layout_basic, minmay_overflow_temple_hex,
          mainiacjoe_overflow_two_lobes, kb_lookout_dungeons_type

Skill      XL: |  1  2  3  4  5  6  7  8 |
---------------+-------------------------+-----
Stealth        | 2 3 4 |  4.0
Dodging        | 3 4 5 |  5.0
Spellcasting   | 3 5 6 |  6.8

Action                   |  1- 3 |  4- 6 |  7- 9 || total
-------------------------+-------+-------+-------++-------
Melee: Dagger            |     3 |     8 |     3 ||    14
 Cast: Foxfire           |    40 |    57 |    10 ||   107
       Scorch            |    10 |    39 |    46 ||    95
       Summon Small Mamm |       |     1 |       ||     1
       Kindle Blastspark |       |       |     3 ||     3
       Inner Flame       |       |       |     1 ||     1
  Use: Scroll            |     1 |     1 |       ||     2
       Potion            |       |     1 |       ||     1
 Stab: Sleeping          |       |       |     1 ||     1
Armor: Robe              |     3 |     4 |     4 ||    11
       Skin              |       |     5 |       ||     5
Dodge: Dodged            |    10 |    17 |    22 ||    49

Table legend: (Time is in decaauts)
 A = Elapsed time spent in this place.
 B = Non-inter-level travel time spent in this place.
 C = Inter-level travel time spent in this place.
 D = Time resting spent in this place.
 E = Time spent auto-exploring this place.
 F = Levels seen in this place.
 G = Mean time per level.
                   A        B        C        D        E       F      G
               +--------+--------+--------+--------+--------+-----+--------+
         Total |   6251 |   6062 |    189 |   2315 |   3072 |   5 | 1250.2 |
       Dungeon |   6251 |   6062 |    189 |   2315 |   3072 |   5 | 1250.2 |
               +--------+--------+--------+--------+--------+-----+--------+

Top non-repeatable levels by time:
     D:5: 1476 daAuts
     D:4: 1316 daAuts
     D:1: 1284 daAuts
     D:3: 1165 daAuts
     D:2: 1007 daAuts
